 Dungeon Crawl Stone Soup version 0.31.0-9-g3a7656b989 (console) character file.

Game seed: 1456354794735389316

2969252 AlterAsc the Shapeless Draconian (level 27, 273/273 HPs)
             Began as a Green Draconian Shapeshifter on Jan 24, 2024.
             Was the Champion of Okawaru.
             Escaped with the Orb
             ... and 5 runes on Jan 25, 2024!
             The game lasted 06:21:46 (79208 turns).

AlterAsc the Shapeless Draconian (DrSh)            Turns: 79208, Time: 06:21:47

Health: 273/273    AC: 15    Str: 36    XL:     27
Magic:  32/32      EV: 48    Int: 13    God:    Okawaru [******]
Gold:   7150       SH:  0    Dex: 14    Spells: 26/26 levels left

rFire   + .          .
                       - Unarmed
rCold   . . .        (shield currently unavailable)
rNeg    + . .        (body armour unavailable)
rPois   ∞            Y - melded +2 hat
rElec   +            W - melded +2 cloak {Will+}
rCorr   .            K - melded +0 pair of gloves of Dice, Bag, and Bottle {+Blink rC+ Int+2}
SInv    +            b - melded +2 pair of boots
Will    ++...        l - amulet "Hovvos Uhau" {RegenMP rElec Regen+ Dex+3 SInv}
Stlth   +++          Z - ring "Docvuuj" {rN+ Str+2 Stlth+}
HPRegen 2.25/turn    B - ring "Eniqask" {rPois rF+ Str+6 Slay+2}
MPRegen 0.63/turn

%: no passive effects
@: storm-form, flying, studying 2 skills
A: cleaving, insubstantial, flying, (breathe noxious fumes), AC +13, unfitting
armour, (stinger 1), (poison resistance), (cold-blooded), see invisible,
regeneration 1, teleportitis 1, (heat vulnerability 1), subdued magic 1,
MP-powered wands
0: Orb of Zot
}: 5/15 runes: decaying, serpentine, slimy, silver, abyssal
a: Blinkbolt, Begin Untransformation, Renounce Religion, Heroism, Finesse, Duel


You escaped.
You worshipped Okawaru.
Okawaru was exalted by your worship.
You were a lightning-filled tempest!
You visited 12 branches of the dungeon, and saw 56 of its levels.
You visited the Abyss 1 time.
You also visited: Gauntlet and Wizlab.

You collected 8807 gold pieces.
You spent 1657 gold pieces at shops.

Inventory:

Missiles
 s - 3 poisoned darts
Armour
 b - a +2 pair of boots (melded)
 i - the +0 pair of gloves "Hics" {rF+}
   (Okawaru gifted it to you on level 4 of the Lair of Beasts)

   rF+:       It protects you from fire.
 K - the +0 pair of gloves of Dice, Bag, and Bottle (melded) {+Blink rC+ Int+2}
   (You found it on level 11 of the Dungeon)

   Int+2:     It affects your intelligence (+2).
   rC+:       It protects you from cold.
   +Blink:    It lets you blink.
 W - a +2 cloak of willpower (melded)
 Y - a +2 hat (melded)
Jewellery
 l - the amulet "Hovvos Uhau" (around neck) {RegenMP rElec Regen+ Dex+3 SInv}
   (You found it on level 5 of the Pits of Slime)

   [amulet of magic regeneration]

   RegenMP:   It increases your rate of magic regeneration.
   Dex+3:     It affects your dexterity (+3).
   rElec:     It insulates you from electricity.
   SInv:      It lets you see invisible.
   Regen+:    It increases your rate of health regeneration.
 B - the ring "Eniqask" (right fist) {rPois rF+ Str+6 Slay+2}
   (You bought it in a shop on level 2 of the Snake Pit)

   [ring of strength]

   Str+6:     It affects your strength (+6).
   Slay+2:    It affects your accuracy & damage with ranged weapons and melee
   (+2).
   rF+:       It protects you from fire.
   rPois:     It protects you from poison
 H - a ring of willpower
 L - the ring "Tamol" {Wiz rElec Dex+5}
   (You found it on level 1 of the Lair of Beasts)

   [ring of wizardry]

   Wiz:       It improves your spell success rate.
   Dex+5:     It affects your dexterity (+5).
   rElec:     It insulates you from electricity.
 N - a ring of resist corrosion
 S - the ring of Edinien {rPois rC+ Dex+3 SInv}
   (You found it on level 3 of the Swamp)

   [ring of protection from cold]

   Dex+3:     It affects your dexterity (+3).
   rC+:       It protects you from cold.
   rPois:     It protects you from poison SInv: It lets you see invisible.
 U - a +5 ring of evasion
 X - the ring of Fexiur {rPois rF+ Dex-3 Slay+4}
   (You took it off a vault warden on level 5 of the Vaults)

   [ring of slaying]

   Dex-3:     It affects your dexterity (-3).
   Slay+4:    It affects your accuracy & damage with ranged weapons and melee
   (+4).
   rF+:       It protects you from fire.
   rPois:     It protects you from poison
 Z - the ring "Docvuuj" (left fist) {rN+ Str+2 Stlth+}
   (You took it off a minotaur in a Gauntlet)

   [ring of positive energy]

   Str+2:     It affects your strength (+2).
   rN+:       It protects you from negative energy.
   Stlth+:    It makes you more stealthy.
Talismans
 d - a maw talisman
 F - a dragon-blood talisman
 R - a storm talisman (active)
 T - a granite talisman
Wands
 a - a wand of quicksilver (46)
 c - a wand of mindburst (69)
 w - a wand of iceblast (54)
 y - a wand of flame (122) (quivered)
 A - a wand of polymorph (29)
 E - a wand of digging (26)
 I - a wand of paralysis (63)
Scrolls
 j - 8 scrolls of poison
 k - 20 scrolls of identify
 n - 8 scrolls of fear
 o - 12 scrolls of fog
 p - 5 scrolls of vulnerability
 r - 4 scrolls of butterflies
 u - 18 scrolls of teleportation
 z - 2 scrolls of torment
 C - a scroll of silence
 O - 9 scrolls of immolation
 P - 7 scrolls of noise
 Q - 5 scrolls of revelation
 V - 5 scrolls of blinking
Potions
 e - 4 potions of might
 f - 2 potions of resistance
 g - 9 potions of attraction
 h - 20 potions of curing
 m - 10 potions of enlightenment
 q - 5 potions of brilliance
 t - 3 potions of lignification
 v - 4 potions of berserk rage
 x - 5 potions of cancellation
 D - 2 potions of invisibility
 G - 5 potions of mutation
 J - 8 potions of haste
 M - 4 potions of heal wounds


   Skills:
 O Level 27 Fighting
 + Level 18.7 Dodging
 + Level 15.2 Stealth
 O Level 27 Unarmed Combat
 - Level 12.0 Invocations
 - Level 5.0 Evocations
 O Level 27 Shapeshifting


You had 26 spell levels left.
You didn't know any spells.
Your spell library contained the following spells:

 Spells                   Type           Power      Damage    Failure   Level
 Apportation              Tloc           0%         N/A       26%         1
 Foxfire                  Conj/Fire      0%         2x1d4     26%         1
 Magic Dart               Conj           0%         1d3       26%         1
 Necrotise                Necr           0%         1d4       26%         1
 Sandblast                Erth           0%         2d4       26%         1
 Slow                     Hex            0%         N/A       26%         1
 Sting                    Conj/Alch      0%         1d3       26%         1
 Blink                    Tloc           0%         N/A       38%         2
 Ensorcelled Hibernation  Hex/Ice        0%         N/A       38%         2
 Jinxbite                 Hex            0%         N/A       38%         2
 Lesser Beckoning         Tloc           0%         N/A       38%         2
 Mercury Vapours          Alch/Air       0%         N/A       38%         2
 Momentum Strike          Conj/Tloc      0%         3d8       38%         2
 Scorch                   Fire           0%         2d5       38%         2
 Searing Ray              Conj           0%         2d4       38%         2
 Static Discharge         Conj/Air       0%         3-3/arc   38%         2
 Confusing Touch          Hex            0%         N/A       63%         3
 Dazzling Flash           Conj/Hex       0%         N/A       63%         3
 Frozen Ramparts          Ice            0%         1d1       63%         3
 Fugue of the Fallen      Necr           0%         N/A       63%         3
 Hailstorm                Conj/Ice       0%         3d5       63%         3
 Inner Flame              Hex/Fire       0%         N/A       63%         3
 Mephitic Cloud           Conj/Alch/Air  0%         N/A       63%         3
 Ozocubu's Armour         Ice            0%         N/A       63%         3
 Passwall                 Erth           0%         N/A       63%         3
 Sigil of Binding         Hex            0%         N/A       63%         3
 Swiftness                Air            0%         N/A       63%         3
 Teleport Other           Tloc           0%         N/A       63%         3
 Vampiric Draining        Necr           0%         2d6       63%         3
 Volatile Blastmotes      Fire/Tloc      0%         2d10      63%         3
 Airstrike                Air            0%         2d(0-16)  96%         4
 Anguish                  Hex/Necr       0%         N/A       96%         4
 Brom's Barrelling Bould  Conj/Erth      0%         2d3       96%         4
 Cause Fear               Hex            0%         N/A       96%         4
 Dimensional Bullseye     Hex/Tloc       0%         N/A       96%         4
 Dispel Undead            Necr           0%         3d6       96%         4
 Flame Wave               Conj/Fire      0%         2d4       96%         4
 Fulminant Prism          Conj/Alch      0%         3d5       96%         4
 Leda's Liquefaction      Alch/Erth      0%         N/A       96%         4
 Manifold Assault         Tloc           0%         N/A       96%         4
 Olgreb's Toxic Radiance  Alch           0%         N/A       96%         4
 Passage of Golubria      Tloc           0%         N/A       96%         4
 Petrify                  Alch/Erth      0%         N/A       96%         4
 Sticky Flame             Fire/Alch      0%         2d4       96%         4
 Alistair's Intoxication  Alch           0%         N/A       100%        5
 Curse of Agony           Necr           0%         N/A       100%        5
 Fireball                 Conj/Fire      0%         3d3       100%        5
 Freezing Cloud           Conj/Ice/Air   0%         6-21      100%        5
 Irradiate                Conj/Alch      0%         3d11      100%        5
 Iskenderun's Battlesphe  Conj           0%         2d6       100%        5
 Lee's Rapid Deconstruct  Erth           0%         3d4*      100%        5
 Metabolic Englaciation   Hex/Ice        0%         N/A       100%        5
 Silence                  Hex/Air        0%         N/A       100%        5
 Bombard                  Conj/Erth      0%         9d1       100%        6
 Plasma Beam              Fire/Air       0%         2x1d10    100%        6
 Starburst                Conj/Fire      0%         6d3       100%        6
 Orb of Destruction       Conj           0%         9d5       100%        7
 Ozocubu's Refrigeration  Ice            0%         4d7       100%        7
 Borgnjor's Revivificati  Necr           0%         N/A       100%        8
 Ignition                 Fire           0%         3d3       100%        8
 Lehudib's Crystal Spear  Conj/Erth      0%         10d2      100%        8
 Maxwell's Capacitive Co  Air            0%         ∞         100%        8
 Death's Door             Necr           0%         N/A       100%        9
 Polar Vortex             Ice            0%         N/A       100%        9
 Summon Small Mammal      Summ           Unusable   N/A       N/A         1
 Call Imp                 Summ           Unusable   N/A       N/A         2
 Sublimation of Blood     Necr           Unusable   N/A       N/A         2
 Summon Ice Beast         Ice/Summ       Unusable   N/A       N/A         3
 Tukima's Dance           Hex            Unusable   N/A       N/A         3
 Animate Armour           Summ/Erth      Unusable   N/A       N/A         4
 Martyr's Knell           Necr/Summ      Unusable   N/A       N/A         4
 Summon Blazeheart Golem  Fire/Summ      Unusable   N/A       N/A         4
 Summon Lightning Spire   Summ/Air       Unusable   N/A       N/A         4
 Sculpt Simulacrum        Ice/Alch       Unusable   N/A       N/A         6
 Haunt                    Necr/Summ      Unusable   N/A       N/A         7
 Malign Gateway           Summ/Tloc      Unusable   N/A       N/A         7
 Spellforged Servitor     Conj/Summ      Unusable   N/A       N/A         7
 Summon Hydra             Summ           Unusable   N/A       N/A         7
 Infestation              Necr           Unusable   N/A       N/A         8
 Dragon's Call            Summ           Unusable   N/A       N/A         9

Dungeon Overview and Level Annotations

Branches:
Dungeon (15/15)            Temple (1/1) D:5            Lair (5/5) D:9
  Swamp (4/4) Lair:3        Snake (4/4) Lair:2        Slime (5/5) Lair:4
    Orc (2/2) D:11            Elf (3/3) Orc:2        Vaults (5/5) D:13
  Crypt (3/3) Vaults:2       Tomb (0/3) Crypt:3      Depths (4/4) D:15
    Zot (5/5) Depths:4     WizLab (visited)         Gauntlet (visited)

Altars:
Ashenzari
Cheibriados
Dithmenos
Elyvilon
Fedhas
Gozag
Hepliaklqana
Kikubaaqudgha
Makhleb
Nemelex Xobeh
Okawaru
Qazlal
Ru
Sif Muna
Trog
Uskayaw
Vehumet
Wu Jian
Xom
Yredelemnul
Zin
The Shining One
Jiyva
Lugonu

Shops:
Orc:1 ?   Orc:2 (=[*   Elf:2 [   Snake:1 :(   Snake:2 ==:   Vaults:2 (

Portals:
Hell: Depths:1 Depths:2 Depths:3 Depths:4
Abyss: Depths:3 Depths:4
Pandemonium: Depths:2 Depths:3
Ziggurat: Depths:4

Annotations:
D:2 1 runed translucent door, Crazy Yiuf
Depths:1 2 runed translucent doors
Zot:4 4 transporters


Innate Abilities, Weirdness & Mutations

You are a lightning-filled tempest!
Your electrical attacks strike out in all directions at once.
You are incredibly evasive.
Your insubstantial body is immune to petrification, constriction, and being set on fire You are flying.
Your armour is entirely melded.
You are incapable of wielding weapons or throwing items.
((You can breathe blasts of noxious fumes.))
((Your lurid green scales are hard. (AC +13)))
You cannot fit into any form of body armour.
You are immune to poison.
((Your tail ends in a venomous barb.))
((Your system is resistant to poisons. (rPois)))
((You are cold-blooded and may be slowed by cold attacks.))
You have supernaturally acute eyesight. (SInv)
Your natural rate of healing is unusually fast.
You are occasionally teleported next to monsters.
((You are vulnerable to heat. (rF-)))
Your spells are a little easier to cast, but a little less powerful.
You expend magic power (3 MP) to strengthen your wands.


Message History

(W) Tomb (U) Depths (H) Hell (Z) Zot
Where to? (Tab/Enter - D:1 @ (x,y), ? - help)
You feel energetic enough to blinkbolt again.
An Orb Guardian comes into view.
The Orb Guardian completely misses you.
There is a stone staircase leading up here.
You buffet the Orb Guardian!
The Orb Guardian is lightly wounded.
You barely miss the Orb Guardian.
The Orb Guardian is lightly wounded.
The Orb Guardian completely misses you.
A Tzitzimitl comes into view.
You blast the Orb Guardian!!!!
You kill the Orb Guardian!
Okawaru accepts your kill.
Press: ? - help, v - describe, . - travel A stone staircase leading up.
This square is covered in magical glow.
Unknown command.
The Tzitzimitl gestures at you. The bolt of negative energy misses you.
You fly upwards.
Level annotation: 1 runed translucent door, Crazy Yiuf
There is a stone staircase leading down here.
(D) Dungeon (T) Temple (L) Lair (S) Swamp (P) Snake Pit (M) Slime Pits (O) Orcish Mines (E) Elven Halls (V) Vaults (C) Crypt (W) Tomb (U) Depths (H) Hell (Z) Zot
Where to? (Tab/Enter - D:1 @ (x,y), ? - help)
There is a stone staircase leading up here.
You fly upwards.
There is a stone staircase leading down here.
(D) Dungeon (T) Temple (L) Lair (S) Swamp (P) Snake Pit (M) Slime Pits (O) Orcish Mines (E) Elven Halls (V) Vaults (C) Crypt (W) Tomb (U) Depths (H) Hell (Z) Zot
Where to? (Tab/Enter - D:1, ? - help)
Okay, then.
Unknown command.
There is a staircase leading out of the dungeon here.
Okay, then.
You have escaped!

#.#.# #...#...#
#.#.###.#.#.###
#.#.....#...#
#.###.###.###
#.#...^.#...#
#.#.#######.###
#...# #.....#
#.### #.###.# #.#
#...#.# #.##
#####.#.# #..#
#...#v#.#
#.#####.#.###.#
#...#...#.....#
###.#.#.###.#####
######
#...#...#.....##
.....#
#######.#####..#
##############.##
##.##
#..........# #..#
#.########.# ##.#
######.# #.# #[#
.##....# #.#
####.##########


There were no monsters in sight!

Vanquished Creatures
  the Royal Jelly (Slime:5)
  2 dread liches
  Frederick (Crypt:3)
  4 orbs of fire
  5 ancient liches
  Mennas (Crypt:3)
  Xtahua (Vaults:4)
  Boris (thrice) (Depths:4 Crypt:1 Crypt:3)
  Bai Suzhen (Crypt:2)
  6 Killer Klowns (Zot:5)
  5 curse toes
  A caustic shrike (Depths:2)
  6 bone dragons
  12 golden dragons
  Norris (Vaults:1)
  3 pandemonium lords
  3 doom hounds (Zot:2)
  2 Tzitzimimeh (Zot:2)
  5 electric golems
  2 hellephants (Abyss:3)
  A Hell Sentinel (Zot:5)
  22 tentacled monstrosities
  26 Orb Guardians
  An Ice Fiend (Zot:1)
  A walking crystal tome (Depths:1)
  5 liches
  A deep elf master archer (Elf:3)
  9 quicksilver dragons
  Frances (D:14)
  Grunn (Zot:2)
  6 titans
  6 sphinxes
  17 acid blobs
  6 death cobs
  An Executioner (D:3)
  11 ancient champions
  11 tentacled starspawn
  Gastronok (D:11)
  Kirke (D:14)
  Donald (Vaults:4)
  Roxanne (Elf:3)
  8 shadow dragons
  9 storm dragons
  7 tengu reavers
  7 nagarajas (Snake:4)
  10 azure jellies
  5 draconian monks
  2 fenstrider witches (Swamp:1)
  8 rockslimes (Slime:5)
  4 revenants (Crypt:3)
  15 fire giants
  4 draconian knights
  6 protean progenitors
  6 draconian scorchers
  2 balrugs
  5 iron dragons
  23 vault wardens
  3 deep elf sorcerers
  7 frost giants
  A deep elf elementalist (Abyss:3)
  A shard shrike simulacrum (Abyss:3)
  A curse skull (Crypt:3)
  A juggernaut zombie (Depths:1)
  3 draconian shifters
  7 draconian stormcallers
  A reaper (Crypt:2)
  3 orc warlords
  3 ghouls
  5 draconian annihilators
  4 ghost moths
  A cacodemon (Abyss:3)
  A juggernaut skeleton (Crypt:3)
  A spriggan defender (Depths:3)
  26 very ugly things
  17 stone giants
  8 ironbound thunderhulks
  2 ophanim (Abyss:3)
  8 quicksilver oozes
  15 formless jellyfish
  20 ironbound preservers
  8 vampire knights
  8 eleionomae
  5 black draconians
  A deep elf demonologist (Vaults:5)
  5 deep elf death magi
  2 putrid mouths (Zot:2)
  4 deep elf annihilators
  3 demonspawn black suns (Zot:4)
  5 green draconians
  5 war gargoyles
  4 bunyips
  12 dire elephants
  A minotaur (Gauntlet)
  4 purple draconians
  An orange crystal statue (WizLab)
  9 white draconians
  4 yellow draconians
  2 green deaths (Swamp:4)
  8 red draconians
  10 spark wasps
  A blizzard demon (Depths:2)
  5 eidola
  Snorg (D:11)
  10 ettins
  2 crystal guardians
  A merfolk javelineer (Depths:1)
  A merfolk impaler (Depths:1)
  Josephine (Orc:2)
  3 shambling mangroves (Swamp:3)
  3 mummy priests (Crypt:3)
  8 entropy weavers
  3 fire dragons
  19 yaktaur captains
  16 jiangshi
  Harold (Orc:1)
  4 great orbs of eyes
  5 rakshasas
  40 vault guards
  2 spriggan zombies (D:14)
  A deep elf high priest (Depths:1)
  9 spriggan air magi
  18 hydras
  2 caustic shrike simulacra
  7 ice dragons
  Erica (Orc:1)
  5 ogre magi
  11 alligators
  A hell beast (D:4)
  A salamander tyrant (Snake:3)
  8 ironbound frosthearts
  A spectral frost giant (D:14)
  A catoblepas (Lair:4)
  11 ghost crabs
  3 peacekeepers
  6 anacondas
  10 naga warriors
  A spriggan skeleton (Abyss:3)
  3 death knights
  3 deep troll shamans
  9 centaur warriors
  17 two-headed ogres
  A boulder beetle (D:11)
  10 tengu warriors
  36 dancing weapons
  7 vampire magi
  The ghost of Imiv the Grappler, a journeyman VSFi of Cheibriados (D:14)
  A hell knight (Depths:4)
  6 hell hogs
  15 thrashing horrors
  4 orc high priests
  10 naga sharpshooters
  13 deep troll earth magi
  A soul eater (Crypt:1)
  An occultist (Depths:2)
  5 shock serpents
  6 sun demons
  11 spriggan berserkers
  A titan skeleton (Crypt:1)
  5 fire crabs
  19 deep elf knights
  Nergalle (Lair:1)
  An emperor scorpion zombie (Crypt:1)
  11 iron trolls
  6 shadow wraiths
  3 salamander mystics
  9 wretched stars
  5 skysharks
  A bunyip zombie (Crypt:3)
  27 large abominations
  27 skeletal warriors
  A deep troll (shapeshifter) (D:15)
  5 sea snakes (Snake:4)
  5 sixfirhies
  3 shadow demons
  The ghost of Destapler the Ruffian, a novice TrFi of Wu Jian (D:6)
  9 glowing orange brains
  A sun moth (shapeshifter) (Vaults:2)
  3 death drakes (Swamp:1)
  A glowing orange brain (shapeshifter) (Depths:2)
  6 flayed ghosts
  46 deep trolls
  7 swamp dragons
  9 arcanists
  6 mana vipers
  4 goliath frogs
  2 naga ritualists (Snake:2)
  An obsidian statue (Gauntlet)
  6 spriggan druids
  14 deep elf archers
  8 necromancers
  15 phantasmal warriors
  15 bog bodies
  7 lindwurms
  16 ironbound convokers
  30 deep elf zephyrmancers
  13 orc knights
  A stone giant zombie (Crypt:1)
  25 deep elf pyromancers
  60 ugly things
  6 orc sorcerers
  7 shining eyes
  An alligator zombie (Crypt:3)
  2 lightning spires (Gauntlet)
  A manticore (D:13)
  17 salamanders
  8 cyclopes
  2 worldbinders
  2 fire giant zombies (D:14)
  Maurice (D:11)
  16 elephants
  An eleionoma skeleton (Crypt:2)
  20 moths of wrath
  A fire giant skeleton (Crypt:2)
  4 guardian serpents
  12 will-o-the-wisps
  12 naga magi
  A centaur zombie (Crypt:3)
  16 vault sentinels
  3 kobold blastminers (Orc:1)
  3 apocalypse crabs
  2 eyes of devastation
  4 orange demons
  A water nymph (shapeshifter) (Vaults:5)
  A torpor snail (Lair:1)
  A black mamba (shapeshifter) (Depths:1)
  27 black mambas
  9 cane toads
  2 molten gargoyles (Lair:5)
  10 smoke demons
  5 unseen horrors
  2 gargoyles
  A centaur skeleton (Crypt:3)
  2 rime drakes
  Maggie (D:6)
  A cane toad (shapeshifter) (D:14)
  An elephant slug zombie (Crypt:2)
  3 hellions
  A tormentor (D:6)
  2 elf zombies
  9 freezing wraiths
  19 komodo dragons
  A spark wasp simulacrum (D:14)
  2 rime drakes (shapeshifter)
  4 efreet
  A death yak skeleton (Crypt:3)
  2 kobold demonologists
  A red devil (D:8)
  A tengu conjurer (Depths:4)
  8 ancient zymes (Abyss:3)
  26 yaktaurs
  A spectral glowing shapeshifter (D:14)
  6 guardian mummies (Crypt:3)
  A green draconian skeleton (Crypt:1)
  A black draconian skeleton (Crypt:3)
  2 harpy zombies
  A grey draconian skeleton (Crypt:3)
  9 hellwings (Abyss:3)
  2 merfolk (shapeshifter) (Depths:3)
  11 trolls
  A polar bear (shapeshifter) (Abyss:3)
  2 polar bears
  2 bloated husks (Swamp:1)
  A raiju (shapeshifter) (D:13)
  28 hornets
  A death drake skeleton (Crypt:3)
  16 tyrant leeches
  12 raiju
  A tarantella (Vaults:4)
  A harpy skeleton (Crypt:3)
  7 blink frogs (Lair:5)
  6 dream sheep (Lair:4)
  A glass eye (shapeshifter) (Vaults:4)
  A glass eye (Slime:5)
  2 jumping spiders (Vaults:4)
  134 slime creatures
  2 stone giant simulacra
  A centaur simulacrum (D:12)
  27 spriggans
  Sigmund (D:4)
  9 wraiths
  2 shadows (Swamp:4)
  3 ushabtiu (Crypt:3)
  5 air elementals
  2 fire elementals
  9 wyverns
  5 vampires
  11 water elementals
  6 ynoxinuls
  48 starcursed masses
  4 steam dragons
  6 neqoxecs (Abyss:3)
  47 yaks
  6 hogs (D:14)
  19 humans
  A human (shapeshifter) (D:14)
  2 golden eyes (shapeshifter)
  2 golden eyes
  6 basilisks
  11 vampire mosquitoes
  Edmund (D:4)
  An elf skeleton (Vaults:5)
  9 small abominations
  Menkaure (D:4)
  20 swamp worms
  3 chaos spawn (Abyss:3)
  A deep troll zombie (Crypt:1)
  3 redbacks (Vaults:4)
  A swamp worm (shapeshifter) (Depths:3)
  2 nagas (shapeshifter)
  A two-headed ogre zombie (D:11)
  38 nagas
  3 acid dragons
  A naga skeleton (Crypt:1)
  18 water moccasins
  5 hell hounds (Lair:5)
  A swamp drake (Swamp:2)
  2 black bears (shapeshifter)
  A dream sheep zombie (Crypt:2)
  An elf simulacrum (Vaults:5)
  An ice beast (D:7)
  46 orc warriors
  35 laughing skulls
  2 sky beasts
  A black bear (Lair:4)
  A spriggan simulacrum (D:14)
  20 ogres
  2 ettin simulacra
  16 wolves
  A swamp dragon skeleton (Crypt:1)
  A centaur (D:5)
  A blink frog skeleton (Crypt:1)
  9 kobold brigands (D:6)
  3 weeping skulls (Abyss:3)
  2 brain worms (Abyss:3)
  4 earth elementals
  13 bullfrogs
  A gnoll sergeant (D:12)
  6 scorpions
  2 human simulacra
  12 wights
  A salamander skeleton (Crypt:3)
  4 electric eels
  2 howler monkeys
  2 raiju skeletons
  2 bombardier beetles
  2 jellies
  5 lava snakes (Lair:5)
  2 quasits (Abyss:3)
  An iron imp (Abyss:3)
  5 hounds
  34 orc priests
  2 sleepcaps
  A human skeleton (Crypt:3)
  5 iguanas
  40 orc wizards
  A naga zombie (Crypt:3)
  7 ogre zombies (D:11)
  A deep dwarf skeleton (Crypt:3)
  A howler monkey zombie (Crypt:3)
  6 gnolls (D:6)
  9 adders
  2 shadow imps
  2 white imps
  4 ufetubi
  A jelly zombie (Crypt:3)
  2 dart slugs
  A ribbon worm (D:2)
  74 orcs
  10 ball pythons
  A bat skeleton (Crypt:2)
  7 endoplasms
  2 giant cockroaches
  4 gnoll zombies (D:11)
  6 goblins
  9 hobgoblins
  7 jackals
  3 kobolds
  5 quokkas
  2 bats
  5 frilled lizards
  3 gnoll skeletons (D:11)
  A goblin zombie (D:10)
  3 orc skeletons
  16 orc zombies (D:11)
  5 rats
  A rat zombie (Crypt:2)
  A butterfly (D:11)
  A lurking horror (Abyss:3)
  6 starspawn tentacles
2755 creatures vanquished.

Vanquished Creatures (others)
  A fire giant (Depths:3)
  A starcursed mass (Depths:3)
  A deep elf pyromancer (Elf:2)
  8 bloated husks
  6 swamp worms
  An orc warrior (Vaults:5)
  A weeping skull (Abyss:3)
  66 foxfires
  2 lurking horrors (Abyss:3)
  10 starspawn tentacles
97 creatures vanquished.

Grand Total: 2852 creatures vanquished

Notes
Turn   | Place    | Note
-------+----------+-------------------------------------------
     0 | D:1      | AlterAsc the Draconian Shapeshifter began the quest for the
                  | Orb.
     0 | D:1      | Reached XP level 1. HP: 16/16 MP: 1/1
    66 | D:1      | Found a faded altar of an unknown god.
   342 | D:1      | Reached XP level 2. HP: 14/23 MP: 2/2
   837 | D:1      | Reached XP level 3. HP: 28/28 MP: 3/3
  1629 | D:2      | Found a runed translucent door.
  1630 | D:2      | Noticed Crazy Yiuf
  2085 | D:3      | Found a sparkling altar of Nemelex Xobeh.
  2174 | D:3      | Reached XP level 4. HP: 33/35 MP: 4/4
  2206 | D:3      | Reached skill level 5 in Unarmed Combat
  2776 | D:4      | Noticed a wyvern
  2785 | D:4      | Killed a wyvern
  2786 | D:4      | Reached XP level 5. HP: 11/40 MP: 5/5
  2924 | D:4      | Noticed Edmund
  2934 | D:3      | Reached XP level 6. HP: 46/47 MP: 6/6
  3222 | D:4      | Noticed Menkaure
  3242 | D:4      | Killed Menkaure
  3302 | D:4      | Your scales start taking on a lurid green colour.
  3302 | D:4      | Reached XP level 7. HP: 47/52 MP: 7/7
  3302 | D:4      | Gained mutation: Your system is resistant to poisons.
                  | (rPois) [Green Draconian growth]
  3342 | D:5      | Entered Level 5 of the Dungeon
  3466 | D:5      | Found a staircase to the Ecumenical Temple.
  3538 | Temple   | Entered the Ecumenical Temple
  3944 | D:4      | Killed Edmund
  3945 | D:4      | Reached skill level 10 in Unarmed Combat
  3945 | D:4      | Reached XP level 8. HP: 53/59 MP: 8/8
  4031 | D:4      | Noticed Sigmund
  4039 | D:4      | Killed Sigmund
  4743 | D:6      | Found a runed translucent gate.
  4745 | D:6      | Noticed Destapler's ghost (novice TrFi)
  4746 | D:6      | Found a runed translucent gate.
  4747 | D:6      | Found a runed translucent gate.
  4753 | D:6      | Noticed a kobold demonologist
  4993 | D:6      | Noticed Maggie
  5013 | D:6      | Killed Maggie
  5014 | D:6      | Reached XP level 9. HP: 60/69 MP: 9/9
  6712 | D:8      | Reached skill level 5 in Shapeshifting
  6773 | D:8      | Reached skill level 5 in Fighting
  6972 | D:8      | Identified the +7 long sword "Cono" {heavy, rF+ rC+ Will++
                  | Int-3}
  6980 | D:8      | Reached XP level 10. HP: 81/81 MP: 10/10
  6989 | D:8      | Reached skill level 5 in Dodging
  7037 | D:8      | Paralysed by a hornet for 3 turns
  7400 | D:8      | Found a glowing golden altar of the Shining One.
  7400 | D:8      | Found a white marble altar of Elyvilon.
  7401 | D:8      | Found a glowing silver altar of Zin.
  7845 | D:9      | Found a staircase to the Lair.
  7928 | D:9      | Noticed a two-headed ogre
  7968 | D:9      | Killed a two-headed ogre
  8179 | D:9      | Found a shimmering blue altar of Sif Muna.
  8298 | D:9      | Noticed a two-headed ogre
  8309 | D:9      | Killed a two-headed ogre
  8479 | D:9      | Noticed a gargoyle
  8484 | D:9      | Killed a gargoyle
  8516 | D:10     | Entered Level 10 of the Dungeon
  8521 | D:10     | Found a runed translucent door.
  8526 | D:10     | Found a basalt altar of Yredelemnul.
  8626 | D:10     | Reached XP level 11. HP: 91/92 MP: 11/11
  8973 | D:10     | Found an iron altar of Okawaru.
  8983 | D:10     | Became a worshipper of Warmaster Okawaru
  9024 | D:10     | Reached skill level 1 in Invocations
  9266 | D:11     | Reached * piety under Okawaru
  9544 | D:11     | Reached ** piety under Okawaru
  9769 | D:11     | Found a staircase to the Orcish Mines.
  9819 | D:11     | Noticed Snorg
  9942 | D:11     | Noticed a boulder beetle
  9962 | D:11     | Killed a boulder beetle
 10137 | D:11     | Identified the +0 pair of gloves of Dice, Bag, and Bottle
                  | {+Blink rC+ Int+2}
 10162 | D:11     | Noticed Gastronok
 10479 | Lair:1   | Entered Level 1 of the Lair of Beasts
 10683 | Lair:1   | Identified the ring "Tamol" {Wiz rElec Dex+5}
 10734 | Lair:1   | Reached *** piety under Okawaru
 10794 | Lair:1   | Noticed Nergalle
 10805 | Lair:1   | Killed Nergalle
 11081 | Lair:1   | Reached XP level 12. HP: 105/105 MP: 14/14
 11140 | Lair:1   | Reached skill level 1 in Evocations
 11558 | Lair:2   | Reached **** piety under Okawaru
 11833 | Lair:2   | Noticed a four-headed hydra
 11846 | Lair:2   | Killed a four-headed hydra
 12010 | Lair:2   | Found a staircase to the Snake Pit.
 12479 | Lair:2   | Reached skill level 10 in Fighting
 12490 | Lair:2   | Reached ***** piety under Okawaru
 12660 | Lair:3   | Noticed an eight-headed hydra
 12670 | Lair:3   | Killed an eight-headed hydra
 12730 | Lair:3   | Received a gift from Okawaru
 12731 | Lair:3   | Reached skill level 5 in Invocations
 13017 | Lair:3   | Noticed a five-headed hydra
 13031 | Lair:3   | Killed a five-headed hydra
 13052 | Lair:3   | Reached skill level 15 in Unarmed Combat
 13119 | Lair:3   | Found a staircase to the Swamp.
 14035 | D:11     | Noticed a two-headed ogre
 14048 | D:11     | Killed a two-headed ogre
 14107 | Orc:1    | Entered Level 1 of the Orcish Mines
 14148 | Orc:1    | Received a gift from Okawaru
 14149 | Orc:1    | Reached XP level 13. HP: 82/115 MP: 16/16
 14370 | Orc:1    | Noticed Erica
 14446 | Orc:1    | Killed Erica
 14506 | Orc:1    | Noticed Harold
 14523 | Orc:1    | Killed Harold
 14631 | Orc:1    | Found Jacwa's Magic Scroll Shoppe.
 14636 | Orc:1    | Bought a scroll of blinking for 105 gold pieces
 14929 | Orc:2    | Entered Level 2 of the Orcish Mines
 15062 | Orc:2    | Noticed Josephine
 15070 | Orc:2    | Killed Josephine
 15489 | Orc:2    | Received a gift from Okawaru
 16052 | Orc:2    | Paralysed by an orc sorcerer for 3 turns
 16445 | Orc:2    | Noticed an orc warlord
 16461 | Orc:2    | Killed an orc warlord
 16640 | Orc:2    | Received a gift from Okawaru
 16975 | Orc:2    | Reached skill level 10 in Shapeshifting
 16997 | Orc:2    | Found a staircase to the Elven Halls.
 17035 | Orc:2    | Gained mutation: You are weak. (Str -2) [a neqoxec]
 17043 | Orc:2    | Gained mutation: You occasionally lose the ability to read
                  | scrolls when taking damage. [a neqoxec]
 17292 | Orc:2    | Found Vomes's General Store.
 17293 | Orc:2    | Found Nestralad's Jewellery Shoppe.
 17295 | Orc:2    | Found Upeukes's Antique Armour Shoppe.
 17295 | Orc:2    | Found Tuis's Antique Weapon Emporium.
 17356 | Orc:2    | Bought a maw talisman for 330 gold pieces
 17371 | Orc:2    | Bought a pair of boots for 171 gold pieces
 17493 | D:11     | Killed Snorg
 17506 | D:11     | Identified the ring "Nor Vija" {Wiz rElec rC- rN+ Str+2}
 17510 | D:11     | Found a white marble altar of Elyvilon.
 17518 | D:11     | Noticed Maurice
 17538 | D:11     | Paralysed by Maurice for 2 turns
 17543 | D:11     | Something stole the ring "Nor Vija" {Wiz rElec rC- rN+
                  | Str+2}
 17544 | D:11     | Killed Maurice
 17707 | D:11     | Killed Gastronok
 17812 | D:11     | Found a white marble altar of Elyvilon.
 17877 | D:11     | Found a staircase to the Orcish Mines.
 18192 | D:12     | Received a gift from Okawaru
 18223 | D:12     | Gained mutation: Your tail ends in a venomous barb. [Green
                  | Draconian growth]
 18223 | D:12     | Reached XP level 14. HP: 124/124 MP: 17/17
 18262 | D:12     | Found a gate leading to a gauntlet.
 18271 | Gauntlet | Entered a Gauntlet
 18271 | Gauntlet | Found a transporter.
 18279 | Gauntlet | Found a transporter.
 18284 | Gauntlet | Found a transporter.
 18289 | Gauntlet | Found a runed translucent door.
 18290 | Gauntlet | Found a transporter.
 18293 | Gauntlet | Noticed a reaper
 18295 | Gauntlet | Found a transporter.
 18295 | Gauntlet | Found a transporter.
 18296 | Gauntlet | Found a transporter.
 18299 | Gauntlet | Found a transporter.
 18307 | Gauntlet | Found a runed translucent door.
 18318 | Gauntlet | Found a transporter.
 18338 | Gauntlet | Found a transporter.
 18342 | Gauntlet | Found a transporter.
 18350 | Gauntlet | Found a transporter.
 18351 | Gauntlet | Noticed a balrug
 18582 | Gauntlet | Identified the +0 hat "Noik" {Rampage *Slow rN+ Int+6}
 18706 | Gauntlet | Identified the ring "Docvuuj" {rN+ Str+2 Stlth+}
 18729 | Gauntlet | Identified the staff of Gehenna {rF+ rN+ rCorr Int+3 Necro}
 18855 | D:12     | Identified the +2 robe "Nudasm" {Str+4}
 19646 | D:12     | Noticed a tengu reaver
 19672 | D:12     | Killed a tengu reaver
 20218 | Orc:1    | Bought a scroll of teleportation for 42 gold pieces
 20218 | Orc:1    | Bought a scroll of identify for 28 gold pieces
 20218 | Orc:1    | Bought a scroll of teleportation for 42 gold pieces
 20392 | Lair:4   | Found a staircase to the Slime Pits.
 20392 | Lair:4   | Found a viscous altar of Jiyva.
 20621 | Lair:4   | Received a gift from Okawaru
 20706 | Lair:4   | Reached skill level 5 in Evocations
 20720 | Lair:4   | Found a runed translucent door.
 21488 | Lair:4   | Received a gift from Okawaru
 21687 | Lair:4   | Reached ****** piety under Okawaru
 21688 | Lair:4   | Acquired the +0 pair of gloves "Hics" {rF+}
 21688 | Lair:4   | Received a gift from Okawaru
 21705 | Lair:4   | Acquired a +1 vampiric quick blade
 21705 | Lair:4   | Received a gift from Okawaru
 21842 | Lair:5   | Entered Level 5 of the Lair of Beasts
 21866 | Lair:5   | Reached XP level 15. HP: 76/129 MP: 18/20
 22072 | Lair:5   | Identified the +9 long sword of Beruad {drain, Fly rElec
                  | rF+ Dex+2}
 22167 | Lair:5   | Received a gift from Okawaru
 22437 | Lair:5   | Found a large runed translucent door.
 22678 | Lair:5   | Found a large runed translucent door.
 23924 | D:13     | You fall into a shaft and drop 2 floors!
 23924 | D:15     | Entered Level 15 of the Dungeon
 23999 | D:15     | Received a gift from Okawaru
 24144 | D:14     | Found a glowing golden altar of the Shining One.
 24226 | D:14     | Noticed Kirke
 24248 | D:14     | Killed Kirke
 24452 | D:14     | Identified the +3 leather armour of Duplicw {^Contam rF+++
                  | Dex+2 SInv}
 24999 | D:14     | Found a runed translucent gate.
 24999 | D:14     | Found a runed translucent gate.
 24999 | D:14     | Found a runed translucent gate.
 25038 | D:14     | Noticed Frances
 25053 | D:14     | Killed Frances
 25056 | D:14     | Received a gift from Okawaru
 25224 | D:14     | Noticed Imiv's ghost (journeyman VSFi)
 25503 | D:14     | Killed Imiv's ghost
 25920 | D:14     | Reached XP level 16. HP: 102/137 MP: 21/21
 26036 | D:14     | Identified the +6 short sword of Fragile Peace {freeze,
                  | Dex+3 SInv Stlth+}
 26952 | D:15     | Found a staircase to the Depths.
 27227 | Elf:1    | Entered Level 1 of the Elven Halls
 27337 | Elf:1    | Paralysed by an air elemental for 1 turns
 27353 | Elf:1    | Received a gift from Okawaru
 27358 | Elf:1    | Reached skill level 15 in Shapeshifting
 27921 | Elf:1    | Received a gift from Okawaru
 28521 | Elf:1    | Received a gift from Okawaru
 29549 | Elf:2    | Reached XP level 17. HP: 146/146 MP: 23/23
 29644 | Elf:2    | Found Pysalu's Armour Emporium.
 29890 | Elf:2    | Received a gift from Okawaru
 29967 | Elf:2    | Found a runed translucent gate.
 29968 | Elf:2    | Found a runed translucent gate.
 29968 | Elf:2    | Found a runed translucent gate.
 31037 | Elf:2    | Received a gift from Okawaru
 31654 | D:6      | Killed Destapler's ghost
 31938 | Snake:1  | Entered Level 1 of the Snake Pit
 31942 | Snake:1  | Found Qubac's Book Boutique.
 32308 | Snake:1  | Found Ecic's Antique Weapon Shop.
 32636 | Snake:1  | Received a gift from Okawaru
 33263 | Snake:2  | Found Rekejoxt's Jewellery Shop.
 33264 | Snake:2  | Found Nagiblu's Book Emporium.
 33265 | Snake:2  | Found Duimeum's Jewellery Shop.
 33439 | Snake:2  | Reached skill level 10 in Dodging
 33673 | Snake:2  | Found a radiant altar of Vehumet.
 33869 | Snake:2  | Reached skill level 10 in Invocations
 34856 | Snake:3  | Received a gift from Okawaru
 35405 | Snake:3  | Lost mutation: You are weak. (Str -2) [potion of mutation]
 35405 | Snake:3  | Lost mutation: You occasionally lose the ability to read
                  | scrolls when taking damage. [potion of mutation]
 35405 | Snake:3  | Gained mutation: You passively map a small area around you.
                  | [potion of mutation]
 35405 | Snake:3  | Gained mutation: Your health recovers twice as slowly from
                  | being drained. [potion of mutation]
 35405 | Snake:3  | Gained mutation: You possess an exceptional clarity of
                  | mind. [potion of mutation]
 35405 | Snake:3  | Gained mutation: You expend magic power (3 MP) to
                  | strengthen your wands. [potion of mutation]
 35576 | Snake:4  | Entered Level 4 of the Snake Pit
 35656 | Snake:4  | Reached XP level 18. HP: 157/157 MP: 25/25
 36896 | Snake:4  | Received a gift from Okawaru
 37167 | Snake:4  | Got a serpentine rune of Zot
 37373 | Swamp:1  | Entered Level 1 of the Swamp
 37663 | Swamp:1  | Received a gift from Okawaru
 39834 | Swamp:1  | Got Ymenlebbi's Writings on Bones and Reconfiguration
 39905 | Swamp:2  | Received a gift from Okawaru
 40582 | Swamp:2  | Identified the +12 rapier of Superiority {freeze, ^Drain
                  | rElec rPois rC++}
 41437 | Swamp:3  | Reached XP level 19. HP: 169/169 MP: 26/26
 41455 | Swamp:3  | Reached skill level 15 in Fighting
 41674 | Swamp:3  | Found a transporter.
 42409 | Swamp:3  | Found a transporter.
 43223 | D:13     | Received a gift from Okawaru
 43237 | D:13     | Found a gate to the Vaults.
 43578 | Vaults:1 | Entered Level 1 of the Vaults
 43652 | Vaults:1 | Reached skill level 1 in Stealth
 43677 | Vaults:1 | Noticed Norris
 43692 | Vaults:1 | Killed Norris
 44382 | Vaults:1 | Identified the +1 orcbow of the Jumping Saviour {heavy,
                  | rPois}
 44753 | Vaults:1 | Identified the +5 ring mail of Gozag's Castigation {+Inv
                  | rPois rN+ Slay-3}
 45357 | Vaults:2 | Paralysed by a formless jellyfish for 1 turns
 45361 | Vaults:2 | Received a gift from Okawaru
 45523 | Vaults:2 | Reached XP level 20. HP: 180/180 MP: 28/28
 46171 | Vaults:2 | Reached skill level 5 in Stealth
 46266 | Vaults:2 | Found Tiqulaf's Weapon Emporium.
 46440 | Vaults:2 | Found a staircase to the Crypt.
 47350 | Vaults:3 | Received a gift from Okawaru
 48235 | Vaults:3 | Identified the +0 chain mail "Kauvvoab" {Harm Regen+ Str-2
                  | Int-4}
 48467 | Vaults:3 | Received a gift from Okawaru
 48906 | Vaults:4 | Reached skill level 10 in Stealth
 49295 | Vaults:4 | Noticed Donald
 49302 | Vaults:4 | Killed Donald
 49424 | Vaults:4 | Reached XP level 21. HP: 192/193 MP: 30/30
 49532 | Vaults:4 | Noticed Xtahua
 49548 | Vaults:4 | Killed Xtahua
 49919 | Vaults:4 | Received a gift from Okawaru
 50156 | Vaults:4 | Reached skill level 15 in Dodging
 50833 | Swamp:4  | Entered Level 4 of the Swamp
 51432 | Swamp:4  | Received a gift from Okawaru
 51912 | Swamp:4  | Got a decaying rune of Zot
 52232 | Slime:1  | Entered Level 1 of the Pits of Slime
 52279 | Slime:1  | Lost mutation: You possess an exceptional clarity of mind.
                  | [a shining eye]
 53140 | Vaults:5 | Entered Level 5 of the Vaults
 53140 | Vaults:5 | Noticed a golden dragon
 53147 | Vaults:5 | Received a gift from Okawaru
 53163 | Arena    | Entered the Arena
 53166 | Arena    | Killed a golden dragon
 53401 | Vaults:5 | Noticed an ancient lich
 53409 | Vaults:5 | Reached XP level 22. HP: 133/207 MP: 25/31
 53418 | Vaults:5 | Killed an ancient lich
 54272 | Vaults:5 | Noticed an ancient lich
 54325 | Vaults:5 | Killed an ancient lich
 54325 | Vaults:5 | Received a gift from Okawaru
 54426 | Vaults:5 | Identified the ring of Tuip {rC+ Int+8}
 54445 | Vaults:5 | Identified the ring of Fexiur {rPois rF+ Dex-3 Slay+4}
 54466 | Arena    | Entered the Arena
 54598 | Vaults:5 | Noticed a golden dragon
 54609 | Vaults:5 | Killed a golden dragon
 54618 | Vaults:5 | Identified the +4 trident of the Sea {elec, SInv}
 54802 | Vaults:5 | Got Nypp's Folio of Ill-starred Flames
 55316 | Vaults:5 | Noticed a dread lich
 55337 | Vaults:5 | Killed a dread lich
 55519 | Vaults:5 | Got a silver rune of Zot
 55855 | Vaults:5 | Received a gift from Okawaru
 57000 | Slime:2  | Gained mutation: You are clumsy. (Dex -2) [a shining eye]
 57001 | Slime:2  | Gained mutation: Your body sometimes deteriorates upon
                  | taking damage. [a shining eye]
 57003 | Slime:2  | Lost mutation: Your body sometimes deteriorates upon taking
                  | damage. [a shining eye]
 57740 | Slime:4  | Reached XP level 23. HP: 198/220 MP: 32/32
 58458 | Slime:5  | Entered Level 5 of the Pits of Slime
 58460 | Slime:5  | Found a viscous altar of Jiyva.
 58780 | Slime:5  | Paralysed by a formless jellyfish for 1 turns
 59155 | Slime:5  | Noticed the Royal Jelly
 59302 | Slime:5  | Gained mutation: You have hidden genetic defects. [a
                  | shining eye]
 59356 | Slime:4  | Lost mutation: You have hidden genetic defects. [potion of
                  | mutation]
 59356 | Slime:4  | Lost mutation: You expend magic power (3 MP) to strengthen
                  | your wands. [potion of mutation]
 59356 | Slime:4  | Gained mutation: You have large cloven feet. [potion of
                  | mutation]
 59356 | Slime:4  | Gained mutation: You are frail. (-10% HP) [potion of
                  | mutation]
 59356 | Slime:4  | Lost mutation: You are clumsy. (Dex -2) [potion of
                  | mutation]
 59725 | Elf:3    | Entered Level 3 of the Elven Halls
 59804 | Elf:3    | Noticed Roxanne
 60000 | Elf:3    | Found a magical portal.
 60012 | WizLab   | Entered Wucad Mu's Monastery
 60208 | WizLab   | Found the crystal ball of Wucad Mu {*channel}
 60296 | WizLab   | Reached XP level 24. HP: 159/205 MP: 32/32
 60487 | Elf:3    | Killed Roxanne
 60570 | Elf:3    | Paralysed by an air elemental for 1 turns
 61331 | Slime:5  | Killed the Royal Jelly
 61857 | Slime:5  | Identified the amulet "Holaoc" {Acrobat Regen+ Str+4}
 61895 | Slime:5  | Identified the amulet "Hovvos Uhau" {RegenMP rElec Regen+
                  | Dex+3 SInv}
 61897 | Slime:5  | Got a slimy rune of Zot
 61932 | Slime:5  | Got the Enchiridion on Oxidation and Metal
 61943 | Slime:5  | Identified the staff "Xatese" {rC+ rN+ Will- rCorr Str+8
                  | Ice}
 61966 | Slime:5  | Identified the +7 sling "Baruas" {drain, Int+6}
 62521 | Snake:2  | Bought the ring "Eniqask" {rPois rF+ Str+6 Slay+2} for 939
                  | gold pieces
 62834 | Depths:1 | Entered Level 1 of the Depths
 63135 | Depths:1 | Found a gateway to Hell.
 63333 | Depths:1 | Found a bloodstained altar of Trog.
 63651 | Depths:1 | Received a gift from Okawaru
 63677 | Depths:1 | Found a runed translucent door.
 63680 | Depths:1 | Found a runed translucent door.
 63698 | Depths:1 | Identified the +7 orcbow "Udaq" {heavy, rN+}
 63838 | Depths:1 | Identified the +1 ring mail "Orchiug" {Harm Dex+2}
 63842 | Depths:1 | Got the Spellbook of Fulgent Profane Magic
 64239 | Depths:2 | Received a gift from Okawaru
 64325 | Depths:2 | Reached XP level 25. HP: 210/211 MP: 32/32
 64486 | Depths:2 | Found a one-way gate leading to the halls of Pandemonium.
 64913 | Depths:3 | Found a transporter.
 64917 | Depths:3 | Found a corrupted altar of Lugonu.
 65333 | Depths:3 | Found a transporter.
 65335 | Depths:3 | Found a one-way gate to the infinite horrors of the Abyss.
 65430 | Depths:3 | Received a gift from Okawaru
 66099 | Depths:3 | Identified the amulet "Uguyfeil" {Regen+ MP+9 Dex+3}
 66172 | Depths:4 | Entered Level 4 of the Depths
 66257 | Arena    | Entered the Arena
 66292 | Depths:4 | Received a gift from Okawaru
 66434 | Depths:4 | Found a gate to the Realm of Zot.
 66546 | Depths:4 | Found a one-way gateway to a ziggurat.
 66933 | Depths:4 | Noticed Boris
 66936 | Depths:4 | Killed Boris
 67209 | Zot:1    | Entered Level 1 of the Realm of Zot
 67223 | Zot:1    | Received a gift from Okawaru
 68193 | Zot:2    | Reached XP level 26. HP: 219/219 MP: 32/32
 68244 | Zot:2    | Noticed Grunn
 68251 | Zot:2    | Killed Grunn
 68271 | Zot:2    | Received a gift from Okawaru
 68729 | Zot:2    | You are sucked into a shaft and drop 2 floors!
 68811 | Zot:4    | Found a transporter.
 68812 | Zot:4    | Found a transporter.
 68815 | Zot:4    | Found a transporter.
 69426 | Zot:3    | Received a gift from Okawaru
 69492 | Zot:3    | Found a transporter.
 69494 | Zot:3    | Reached skill level 27 in Shapeshifting
 70345 | Zot:4    | Found a transporter.
 70366 | Zot:4    | Received a gift from Okawaru
 70494 | Zot:4    | Noticed an orb of fire
 70496 | Zot:4    | Identified the +3 mace of Havoc {flame, *Noise Str+2
                  | Stlth+}
 70503 | Zot:4    | Killed an orb of fire
 70593 | Zot:4    | Got the Parchment of The Black Sun
 71028 | Zot:5    | Entered Level 5 of the Realm of Zot
 71679 | Swamp:3  | Identified the ring of Edinien {rPois rC+ Dex+3 SInv}
 71683 | Swamp:3  | Identified the +2 hat "Paxyru" {rCorr Str-3 SInv Stlth+}
 72100 | Depths:3 | Voluntarily entered the Abyss.
 72427 | Abyss:3  | Identified a scroll of acquirement
 72427 | Abyss:3  | Found a corrupted altar of Lugonu.
 72561 | Abyss:3  | Received a gift from Okawaru
 72641 | Abyss:3  | Found a corrupted altar of Lugonu.
 72900 | Abyss:3  | Gained mutation: You are clumsy. (Dex -2) [a neqoxec]
 72961 | Abyss:3  | Reached XP level 27. HP: 204/230 MP: 32/32
 72991 | Abyss:3  | Paralysed by accursed screaming for 2 turns
 73065 | Abyss:3  | Found a corrupted altar of Lugonu.
 73213 | Abyss:3  | Paralysed by accursed screaming for 1 turns
 73230 | Abyss:3  | Paralysed by accursed screaming for 2 turns
 73316 | Abyss:3  | Gained mutation: You occasionally lose the ability to read
                  | scrolls when taking damage. [a neqoxec]
 73317 | Abyss:3  | Found a corrupted altar of Lugonu.
 73431 | Abyss:3  | Gained mutation: You are dopey. (Int -2) [a neqoxec]
 73523 | Abyss:3  | Received a gift from Okawaru
 73535 | Abyss:3  | Gained mutation: Your spells are a little harder to cast,
                  | but a little more powerful. [a neqoxec]
 73565 | Abyss:3  | Noticed a dread lich
 73579 | Abyss:3  | Paralysed by a dread lich for 2 turns
 73583 | Abyss:3  | Killed a dread lich
 73587 | Abyss:3  | Paralysed by accursed screaming for 1 turns
 73610 | Abyss:3  | Got an abyssal rune of Zot
 73855 | Depths:3 | Escaped the Abyss
 73873 | Depths:3 | Lost mutation: You are dopey. (Int -2) [potion of mutation]
 73873 | Depths:3 | Lost mutation: Your spells are a little harder to cast, but
                  | a little more powerful. [potion of mutation]
 73873 | Depths:3 | Lost mutation: You have large cloven feet. [potion of
                  | mutation]
 73873 | Depths:3 | Gained mutation: You are partially covered in large bone
                  | plates. (SH +4) [potion of mutation]
 73874 | Depths:3 | Lost mutation: You are frail. (-10% HP) [potion of
                  | mutation]
 73874 | Depths:3 | Lost mutation: Your health recovers twice as slowly from
                  | being drained. [potion of mutation]
 73874 | Depths:3 | Gained mutation: You are vulnerable to heat. (rF-) [potion
                  | of mutation]
 73874 | Depths:3 | Gained mutation: You have supernaturally acute eyesight.
                  | (SInv) [potion of mutation]
 73875 | Depths:3 | Lost mutation: You have supernaturally acute eyesight.
                  | (SInv) [potion of mutation]
 73875 | Depths:3 | Lost mutation: You are partially covered in large bone
                  | plates. (SH +4) [potion of mutation]
 73875 | Depths:3 | Lost mutation: You passively map a small area around you.
                  | [potion of mutation]
 73875 | Depths:3 | Gained mutation: You have hidden genetic defects. [potion
                  | of mutation]
 73876 | Depths:3 | Lost mutation: You have hidden genetic defects. [potion of
                  | mutation]
 73876 | Depths:3 | Lost mutation: You occasionally lose the ability to read
                  | scrolls when taking damage. [potion of mutation]
 73876 | Depths:3 | Lost mutation: You are clumsy. (Dex -2) [potion of
                  | mutation]
 73876 | Depths:3 | Gained mutation: You expend magic power (3 MP) to
                  | strengthen your wands. [potion of mutation]
 73876 | Depths:3 | Gained mutation: You have supernaturally acute eyesight.
                  | (SInv) [potion of mutation]
 73876 | Depths:3 | Gained mutation: Your spells are a little easier to cast,
                  | but a little less powerful. [potion of mutation]
 73876 | Depths:3 | Gained mutation: Your natural rate of healing is unusually
                  | fast. [potion of mutation]
 74126 | Crypt:1  | Entered Level 1 of the Crypt
 74311 | Crypt:1  | Noticed Boris
 74321 | Crypt:1  | Killed Boris
 74775 | Crypt:2  | Received a gift from Okawaru
 75160 | Crypt:2  | Noticed Bai Suzhen
 75174 | Crypt:2  | Killed Bai Suzhen
 75538 | Crypt:3  | Entered Level 3 of the Crypt
 75557 | Crypt:3  | Noticed Mennas
 75569 | Crypt:3  | Killed Mennas
 75581 | Crypt:3  | Got the Excursus on the Dislocated Deep Freeze
 75660 | Crypt:3  | Noticed Boris
 75671 | Crypt:3  | Killed Boris
 75671 | Crypt:3  | Received a gift from Okawaru
 76011 | Crypt:3  | Identified the orb of the Great Game {light, Str+2 Dex+6}
 76011 | Crypt:3  | Noticed Frederick
 76016 | Crypt:3  | Killed Frederick
 76160 | Crypt:3  | Found a basalt altar of Yredelemnul.
 76160 | Crypt:3  | Found an ancient bone altar of Kikubaaqudgha.
 76216 | Crypt:3  | Identified the staff "Niekhas" {rElec Int+5 Stlth+ Hexes
                  | Air}
 76217 | Crypt:3  | Identified the +9 long sword of the Wilderness {spect,
                  | +Blink}
 76253 | Crypt:3  | Got the Directory of the Enthralling Map
 76377 | Crypt:3  | Found a staircase to the Tomb.
 77085 | Zot:5    | Received a gift from Okawaru
 77593 | Zot:5    | Noticed an ancient lich
 77608 | Zot:5    | Killed an ancient lich
 77630 | Zot:5    | Noticed an ancient lich
 77647 | Zot:5    | Killed an ancient lich
 77654 | Zot:5    | Noticed an orb of fire
 77666 | Zot:5    | Gained mutation: You are occasionally teleported next to
                  | monsters. [an orb of fire]
 77669 | Zot:5    | Noticed an orb of fire
 77672 | Zot:5    | Killed an orb of fire
 77672 | Zot:5    | Noticed an ancient lich
 77681 | Zot:5    | Killed an orb of fire
 77686 | Arena    | Entered the Arena
 77691 | Arena    | Killed an ancient lich
 77880 | Zot:5    | Acquired 828 gold pieces
 77935 | Zot:5    | Reached skill level 27 in Unarmed Combat
 77947 | Zot:5    | Received a gift from Okawaru
 78129 | Zot:5    | Reached skill level 27 in Fighting
 78184 | Zot:5    | Noticed an orb of fire
 78198 | Zot:5    | Killed an orb of fire
 78546 | Zot:5    | Got the Orb of Zot
 78553 | Zot:5    | Noticed Qenlamiray the pandemonium lord
 78558 | Zot:5    | Killed Qenlamiray the pandemonium lord
 78738 | Depths:3 | Received a gift from Okawaru
 78970 | D:8      | Noticed Zobbuc the pandemonium lord
 78977 | D:8      | Killed Zobbuc the pandemonium lord
 78978 | D:8      | Reached skill level 15 in Stealth
 78979 | D:8      | Noticed Helaukkuo the pandemonium lord
 78983 | D:8      | Killed Helaukkuo the pandemonium lord
 78996 | D:8      | Noticed Hocontigai the pandemonium lord
 79208 | D:$      | Escaped with the Orb!

Illustrated notes

Levels and vault maps discovered:
D:1:      elethiomel_arrival_maze, layout_basic,
          chequers_ecumenical_altar_island, chequers_serial_rivers_small_b
D:2:      layout_basic, serial_forest, infiniplex_forest_clump_long,
          infiniplex_forest_straight_4, infiniplex_forest_clump_small,
          infiniplex_forest_lined_room_2, infiniplex_forest_corner_1,
          infiniplex_forest_clump_long, infiniplex_forest_straight_4,
          infiniplex_forest_lined_room_2, infiniplex_forest_lined_ring,
          uniq_crazy_yiuf_cottage
D:3:      layout_basic, nemelex_dance_club_becter, roderic_lattice_a
D:4:      layout_basic, uniq_menkaure, uniq_sigmund, uniq_edmund
D:5:      layout_basic, temple_fountains, st_stairs_14
D:6:      layout_gridville, gammafunk_ghost_nasty_kobolds, uniq_maggie
D:7:      layout_basic
D:8:      layout_loops_cross, good_gods_temple_1, nicolae_nh_ransacked_shop
D:9:      layout_long_grid, mainiacjoe_overflow_six_doors_small,
          erik_lair_island
D:10:     layout_rooms, okawaru_gym_becter, dk_yredelemnul_ordeal,
          minmay_liquid_box
D:11:     layout_roguey, zombieorc2_lemuel, nicolae_elyvilon_peaceful_grove,
          uniq_snorg, uniq_maurice, uniq_gastronok
D:12:     nzn_winding_woodlands_stair_trap [nzn_winding_woodlands_5x15_crooked,
          nzn_winding_woodlands_5x15_garden,
          nzn_winding_woodlands_5x15_sidewinder,
          nzn_winding_woodlands_15x15_thick_spiral,
          nzn_winding_woodlands_5x15_longhouse,
          nzn_winding_woodlands_5x15_default, nzn_winding_woodlands_5x15_pool],
          layout_rooms, gauntlet_entry_generic
D:13:     layout_roguey, grunt_vaults_entry_tiered, serial_curves,
          eino_curves_02, eino_curves_01
D:14:     minmay_skewed_foursquare, layout_gridville,
          nicolae_tso_carved_into_rock, gammafunk_ghost_necromancy, minmay_puff,
          uniq_frances, uniq_kirke
D:15:     grunt_enter_depths_snipers, layout_basic, chequers_avenue
Temple:   regret_index_temple_waves
Lair:1:   layout_chaotic_city, uniq_nergalle
Lair:2:   layout_roguey, guppyfry_snake_entry_island, infiniplex_staircase_pool
Lair:3:   layout_gridlike, minmay_swamp_entry_worms
Lair:4:   gammafunk_mikee_crab_dinner, layout_long_grid, slime_entry_1,
          grunt_forest_large_clearings
Lair:5:   cheibrodos_lair_end_hotspot, layout_loops_ring
Swamp:1:  regret_index_all_hallows'_manor, layout_falls_marsh,
          nicolae_swamp_round_clearing
Swamp:2:  cheibrodos_swamp_heart_of_darkness, layout_basic_swamp,
          evilmike_swamp_ruin_wall
Swamp:3:  gammafunk_worm_tunnel, layout_basic_swamp, nicolae_swamp_triple_paths,
          swamp_pool_1_2
Swamp:4:  swamp_vile, layout_basic_swamp
Snake:1:  layout_onion, serial_shops, nicolae_shop_advertising_works
          [nicolae_subvault_shop_adworks], shop
Snake:2:  layout_chambers, basic_altar, minmay_shop_grove, serial_bayou_shore_b,
          lemuel_fruit_tree
Snake:3:  layout_cave_town, nicolae_snake_gridmaze_squiggle
Snake:4:  grunt_snake_rune_pools, layout_misc_corridors, grunt_megastairs_4
Slime:1:  layout_caves
Slime:2:  layout_caves
Slime:3:  layout_caves, nicolae_slime_phagocytosis
Slime:4:  layout_caves
Slime:5:  slime_pit_nicolae_jellycorners
Orc:1:    layout_caves, serial_shops, shop, uniq_harold, uniq_erica
Orc:2:    st_orc_congregation, layout_diamond_mine, uniq_josephine
Elf:1:    layout_geoelf_grid, special_room [special_room_orc],
          hangedman_elven_crosses_minicolossus, palyth_stone_intersect
Elf:2:    nicolae_elf_blades_crystal_corner, layout_geoelf_octagon,
          serial_shops, shop, minivault_19
Elf:3:    minmay_elf_hall_circle, layout_geoelf_grid, mu_enter_wizlab_4,
          minmay_curled_crystal, nicolae_elf_archery_training, uniq_roxanne,
          uniq_zenata
Vaults:1: vaults_room_pools, hangedman_vaults_nodes,
          nicolae_vaults_layer_cake_slice, nicolae_vaults_heart-shaped_vault,
          nicolae_vaults_tangram_2, nicolae_vaults_swerve,
          nicolae_vaults_closet_pinwheel_5, serial_ice_g,
          nicolae_vaults_surprise_closet, nicolae_vaults_whirlpool_walls,
          nicolae_vaults_network_star, nicolae_vaults_specimen_jars,
          layout_vaults_maze_snakey, uniq_norris
Vaults:2: minmay_crypt_entry_vampire_xt, nicolae_vaults_big_ls,
          nicolae_vaults_angled_halls, nicolae_vaults_trapezoid_1,
          nicolae_vaults_storage_closets_2, v_misc_13,
          nicolae_vaults_tetromino_Z_1, nicolae_vaults_little_ls,
          nicolae_vaults_murder_corner, layout_vaults_chaotic_city,
          serial_shops, nicolae_shop_bloodbath_and_beyond
Vaults:3: nicolae_vaults_tetromino_L_2, v_misc_33, nicolae_vaults_theta,
          grunt_vaults_hallway_long, vaults_dpeg_doors,
          nicolae_vaults_sightless_eye, nicolae_vaults_stepped_doors,
          nicolae_vaults_little_squares_3, ontoclasm_vaults_shuriken,
          nicolae_vaults_security_offices_5, vaults_room_large_hall,
          vaults_room_fours, vaults_room_semicircle, layout_vaults_ring
Vaults:4: nicolae_vaults_what_the_h, vaults_room_guarded_vault,
          hangedman_vaults_variations, hangedman_vaults_stagger,
          nicolae_vaults_cochlea, v_misc_24, nicolae_vaults_house_3,
          nicolae_vaults_wine_cellar, v_rooms_1,
          ontoclasm_vaults_decontamination, nicolae_vaults_more_shelving_2,
          nicolae_vaults_tangram_1, layout_vaults_omnibox, uniq_xtahua,
          uniq_donald
Vaults:5
Crypt:1:  layout_misc_corridors
Crypt:2:  layout_chaotic_city, roderic_lattice_octagonal_star, uniq_bai_suzhen
Crypt:3:  lightli_unholy_cathedral, layout_chaotic_city,
          tomb_entry_shell_bobbens, grunt_megastairs_3, uniq_frederick,
          uniq_mennas
Depths:1: minmay_the_grid_triangle_9x9_line_8_mashed
          [minmay_the_grid_triangle_9x9_intruding_spiral,
          minmay_the_grid_triangle_9x9_wacky_v,
          minmay_the_grid_triangle_9x9_dagger,
          minmay_the_grid_triangle_9x9_tough_junction,
          minmay_the_grid_triangle_9x9_warning,
          minmay_the_grid_triangle_9x9_sparse_checkered,
          minmay_the_grid_triangle_9x9_thin_v,
          minmay_the_grid_triangle_9x9_prize_top_heavy], layout_cave_pools,
          grunt_hell_entry_dis_mu, bloody_trog, kennysheep_cluttered_room,
          columned_hall_lemuel, kennysheep_underground_church
Depths:2: minmay_textured_paths, layout_gridville, pan_entry, pf_coc_iceberg,
          uniq_josephina
Depths:3: gammafunk_corrupted_shrine, layout_gridlike, hell_entry,
          rand_demon_pan_entry_9, abyss_entry, grunt_megastairs_2,
          serial_bayou_shore_b, infiniplex_staircase_zigzag_1, uniq_margery
Depths:4: evilmike_zot_entry_argh, layout_gridville, enter_ziggurat_f,
          hellmouth_1, abyss_entry, minmay_misc_feat_hallway,
          hangedman_decor_opposing, uniq_boris
Zot:1:    layout_onion_interference
Zot:2:    layout_basic, skrybe_zot_glass_1, uniq_grunn
Zot:3:    layout_misc_corridors, bh_zot_lava_cross, nicolae_diode_basic
Zot:4:    dreamdust_black_sun_cult, layout_gridlike, regret_index_zotdec_ex,
          st_small_dragon_hoard_2, grunt_ministairs_4, nicolae_diode_quadrants
Zot:5:    layout_concentric_octagons, skrybe_zot_glass_3

Skill      XL: |  1  2  3  4  5  6  7  8  9 10 11 12 13 14 15 16 17 18 19 20 21 22 23 24 25 26 27 |
---------------+----------------------------------------------------------------------------------+-----
Unarmed Combat | 4 6 8 10 11 12 13 15 17 18 19 20 21 22 23 27 | 27.0
Dodging        | 2 3 4 6 8 9 10 11 13 14 16 17 18 | 18.7
Fighting       | 3 5 7 9 10 11 13 14 16 17 19 21 22 27 | 27.0
Shapeshifting  | 5 6 7 8 10 12 14 15 16 17 18 19 20 22 25 27 | 27.0
Invocations    | 3 5 7 8 10 11 12 | 12.0
Evocations     | 3 5 |  5.0
Stealth        | 4 10 14 15 | 15.2

Action                     |  1- 3 |  4- 6 |  7- 9 | 10-12 | 13-15 | 16-18 | 19-21 | 22-24 | 25-27 || total
---------------------------+-------+-------+-------+-------+-------+-------+-------+-------+-------++-------
  Melee: Unarmed           |    91 |    81 |   254 |   661 |  1196 |  1282 |  1434 |   999 |  1379 ||  7377
         Tailslap          |     9 |     6 |    41 |   111 |   241 |   202 |   335 |   180 |       ||  1125
         Punch             |     4 |     3 |    21 |    69 |   157 |   151 |   293 |   230 |   196 ||  1124
         Maw               |       |       |       |       |   334 |   427 |   575 |   274 |       ||  1610
  Throw: Stone             |       |     1 |     2 |     4 |       |       |       |       |       ||     7
         Dart              |       |       |     2 |    20 |     3 |     6 |    10 |       |       ||    41
         Javelin           |       |       |     1 |       |       |       |       |       |       ||     1
 Invoke: Heroism           |       |       |       |     1 |    19 |    20 |    18 |    12 |     4 ||    74
         Receive Weapon    |       |       |       |       |     1 |       |       |       |       ||     1
         Receive Armour    |       |       |       |       |     1 |       |       |       |       ||     1
         Finesse           |       |       |       |       |     2 |     4 |     9 |     8 |     7 ||    30
         Duel              |       |       |       |       |       |       |     1 |     1 |     2 ||     4
Ability: Breathe Noxious F |       |       |    16 |    49 |    51 |     3 |       |       |     1 ||   120
         Blinkbolt         |       |       |       |       |       |       |       |    13 |    42 ||    55
  Evoke: Wand              |       |       |       |     9 |       |     1 |     3 |     4 |    12 ||    29
    Use: Potion            |       |     1 |     1 |     1 |     5 |     2 |     4 |     2 |    11 ||    27
         Scroll            |       |       |       |    10 |    14 |    13 |     5 |     6 |     5 ||    53
   Stab: Sleeping          |       |     2 |     1 |     1 |     1 |     5 |    16 |    17 |    29 ||    72
         Confused          |       |       |     7 |    27 |    51 |     5 |       |       |       ||    90
         Distracted        |       |       |       |       |     1 |     1 |     1 |     3 |    17 ||    23
         Petrified         |       |       |       |       |     1 |       |       |       |       ||     1
 Armour: Skin              |    36 |    32 |   114 |   257 |   646 |   724 |   750 |   353 |   312 ||  3224
  Dodge: Dodged            |    59 |    20 |    81 |   298 |   527 |   597 |   727 |   562 |  1394 ||  4265
  Block: Other             |     1 |     8 |    42 |    89 |   173 |   187 |   158 |    87 |       ||   745
         Reflection        |       |       |     3 |     1 |     5 |    25 |     8 |    11 |       ||    53
         Form:             |       |       |       |     1 |       |     1 |       |       |       ||     2
         Beast             |       |       |       |     1 |       |       |       |       |       ||     1
         Maw               |       |       |       |       |     1 |     2 |       |     1 |       ||     4
         Blade             |       |       |       |       |       |     1 |       |       |       ||     1
         Storm             |       |       |       |       |       |       |       |     2 |     1 ||     3
         Dragon            |       |       |       |       |       |       |       |       |     1 ||     1
